 Dungeon Crawl Stone Soup version 0.25-a0-834-g55863b0b92 (webtiles) character file.

Game seed: 16891071343443628306, levelgen mode: deterministic

33 Otrantor the Firebug (level 3, 0/21 HPs)
             Began as an Octopode Fire Elementalist on Apr 22, 2020.
             Slain by an adder (3 damage)
             ... on level 2 of the Dungeon.
             The game lasted 00:17:00 (1640 turns).

Otrantor the Firebug (Octopode Fire Elementalist)   Turns: 1640, Time: 00:17:02

Health: 0/21       AC:  1    Str:  7    XL:     3   Next: 29%
Magic:  6/6        EV: 13    Int: 18    God:
Gold:   58         SH:  0    Dex: 12    Spells: 5/6 levels left

rFire    . . .     SeeInvis .   a - +0 club
rCold    . . .     Gourm    .   (no shield)
rNeg     . . .     Faith    .   (helmet restricted)
rPois    .         Spirit   .   (no amulet)
rElec    .         Reflect  .   (no ring)
rCorr    .         Harm     .   (no ring)
MR       .....                  (no ring)
Stlth    +++.......             (no ring)
HPRegen  0.07/turn              (no ring)
MPRegen  0.10/turn              (no ring)
                                (no ring)
                                (no ring)

@: no status effects
A: almost no armour, stealthy swim, amphibious, 8 rings, constrict 8, camouflage
1, gelatinous body 1
a: no special abilities


You were on level 2 of the Dungeon.
You were not hungry.

You visited 1 branch of the dungeon, and saw 2 of its levels.

You collected 58 gold pieces.

Inventory:

Hand Weapons
 a - a +0 club (weapon)
 f - a +0 whip
 g - a +0 club
 i - a +0 dagger
 j - a +0 hunting sling
 o - a +0 hunting sling
 p - a +0 spear
Missiles
 c - 51 stones (quivered)
 l - 31 arrows
Armour
 m - a +0 robe of positive energy
 n - a +0 ring mail
 q - a +0 leather armour
 r - a +0 scale mail
Scrolls
 d - a scroll of fog
 e - 3 scrolls of identify
 h - a scroll of remove curse
 k - a scroll of magic mapping {unknown}
Comestibles
 b - 2 rations


   Skills:
 + Level 0.2 Fighting
 + Level 0.1 Maces & Flails
 + Level 2.3 Dodging
 + Level 3.1 Stealth
 + Level 2.1 Spellcasting
 + Level 1.1 Conjurations
 + Level 3.7 Fire Magic


You had 5 spell levels left.
You knew the following spells:

 Your Spells              Type           Power        Failure   Level  Hunger
a - Foxfire               Conj/Fire      ##..         7%          1    #......

Your spell library contained the following spells:

 Spells                   Type           Power        Failure   Level  Hunger
 Conjure Flame            Conj/Fire      ##......     21%         3    ###....
 Inner Flame              Hex/Fire       #.......     26%         3    ###....
 Sticky Flame             Conj/Fire      ##......     54%         4    #####..
 Fireball                 Conj/Fire      ##........   88%         5    ######.


Dungeon Overview and Level Annotations

Branches:
Dungeon (2/15)

Altars:
Okawaru


Innate Abilities, Weirdness & Mutations

You cannot wear most types of armour.
You are very stealthy in the water. (Stealth+)
You are amphibious.
You can wear up to eight rings at the same time.
You can use your tentacles to constrict eight enemies at once.
Your skin changes colour to match your surroundings (Stealth+).
Your rubbery body absorbs attacks. (AC +1, EV +1)


Message History

You constrict the adder. The adder completely misses you.
The adder closely misses you.
You hit the adder but do no damage.
The adder is severely wounded.
You constrict the adder. The adder closely misses you.
An adder comes into view.
The adder hisses angrily.
You completely miss the adder. You squeeze the adder.
You kill the adder!
Your Stealth skill increases to level 3!
The adder misses you. The adder bites you.
You completely miss the kobold. Your grab misses the kobold.
Your squeeze misses the kobold. The adder closely misses you.
The kobold hits you with a +4 whip.
You closely miss the kobold. You grab the kobold.
You constrict the kobold, but do no damage.
The adder bites you. The kobold hits you with a +4 whip!
* * * LOW HITPOINT WARNING * * *
The adder bites you.
You die...

#.# ###.#
#.# ### .#
#.# .. .
#.#.. ..
#.#.# ..
##.#.# ...
#....#
####...##
#.@K..##
#.S##..#
.........#
#.#.♣.♣.#.#
#.........#
..♣.♣.♣.♣.#
##..
._....# #
.♣.♣.♣.#


You could see an adder and a kobold.

Vanquished Creatures
  An adder (D:2)
  2 dart slugs (D:1)
  A ball python (D:1)
  2 giant cockroaches (D:1)
  3 goblins
  A hobgoblin (D:1)
  3 bats (D:1)
  A frilled lizard (D:1)
  A kobold (D:1)
  6 rats (D:1)
21 creatures vanquished.

Notes
Turn   | Place    | Note
-------+----------+-------------------------------------------
     0 | D:1      | Otrantor the Octopode Fire Elementalist began the quest for
                  | the Orb.
     0 | D:1      | Reached XP level 1. HP: 11/11 MP: 3/3
   270 | D:1      | Reached XP level 2. HP: 9/17 MP: 5/5
  1610 | D:2      | Reached XP level 3. HP: 21/21 MP: 6/6
  1628 | D:2      | Found an iron altar of Okawaru.
  1640 | D:2      | Slain by an adder

Levels and vault maps discovered:
D:1:      lemuel_arrival_hallway, layout_basic
D:2:      layout_rooms, okawaru_trees_1, first_ration, grunt_ministairs_13

Skill      XL: |  1  2  3 |
---------------+----------+-----
Stealth        | 3 |  3.1
Fighting       | |  0.2
Maces & Flails | |  0.1
Dodging        | |  2.3
Spellcasting   | |  2.1
Conjurations   | |  1.1
Fire Magic     | |  3.7

Action                   || total
-------------------------++-------
Melee: Club              ||    34
       Constrict         ||    20
       Unarmed           ||     3
       Tentacles         ||     7
       Hunting sling     ||    24
  Use: Scroll            ||     2
       Potion            ||     2
 Stab: Sleeping          ||     1
  Eat: Ration            ||     1
Armor: Skin              ||    10
Dodge: Dodged            ||    61

Table legend:
 A = Non-vault XP
 B = Vault XP
 C = Vault XP percentage of total XP
 D = Non-vault monster count
 E = Vault monster count
 F = Vault count percentage of total count
                 A         B        C        D         E       F
            +---------+---------+-------+---------+---------+-------
      Total |      48 |       0 |   0.0 |      21 |       0 |   0.0
            +---------+---------+-------+---------+---------+-------
        D:1 |      32 |       0 |   0.0 |      19 |       0 |   0.0
        D:2 |      16 |       0 |   0.0 |       2 |       0 |   0.0
            +---------+---------+-------+---------+---------+-------
